 Dungeon Crawl Stone Soup version 0.22-a0-858-g985ef60 (webtiles) character file.

28 inc the Conjurer (level 3, -1/31 HPs)
             Began as an Ogre Fire Elementalist on July 27, 2018.
             Slain by an adder (5 damage)
             ... on level 2 of the Dungeon.
             The game lasted 00:01:35 (799 turns).

inc the Conjurer (Ogre Fire Elementalist)            Turns: 799, Time: 00:01:36

Health: -1/31      AC:  3    Str: 12    XL:     3   Next: 14%
Magic:  0/6        EV: 10    Int: 17    God:
Gold:   26         SH:  0    Dex:  9    Spells: 5/6 levels left

rFire    . . .     SeeInvis .   b - +0 short sword
rCold    . . .     Gourm    .   (no shield)
rNeg     . . .     Faith    .   a - +0 robe
rPois    .         Spirit   .   (helmet restricted)
rElec    .         Reflect  .   (no cloak)
rCorr    .         Harm     .   (gloves unavailable)
MR       .....                  (boots unavailable)
Stlth    +.........             (no amulet)
HPRegen  0.10/turn              (no ring)
MPRegen  0.10/turn              (no ring)

@: lethally poisoned (-1 -> -12), very slightly contaminated
A: large, unfitting armour, tough skin 1
a: no special abilities


You were on level 2 of the Dungeon.
You were not hungry.

You visited 1 branch of the dungeon, and saw 2 of its levels.

You collected 26 gold pieces.

Inventory:

Hand Weapons
 b - a +0 short sword (weapon)
Armour
 a - a +0 robe (worn)
Scrolls
 d - a scroll of amnesia {unknown}
 e - a scroll of fear {unknown}
Comestibles
 c - 3 rations


   Skills:
 - Level 1.7 Dodging
 - Level 1.4 Stealth
 - Level 2.4 Spellcasting
 + Level 2.7 Conjurations
 - Level 2.6 Fire Magic


You had 5 spell levels left.
You knew the following spells:

 Your Spells              Type           Power        Failure   Level  Hunger
a - Flame Tongue          Conj/Fire      ##...        6%          1    #......

Your spell library contained the following spells:

 Spells                   Type           Power        Failure   Level  Hunger
 Fireball                 Conj/Fire      ##........   86%         5    ######.
 Conjure Flame            Conj/Fire      ##......     19%         3    ###....
 Throw Flame              Conj/Fire      ##....       10%         2    ##.....
 Sticky Flame             Conj/Fire      ##......     52%         4    #####..
 Inner Flame              Hex/Fire       #.......     32%         3    ###....


Dungeon Overview and Level Annotations

Branches:
Dungeon (2/15)

Altars:


Innate Abilities, Weirdness & Mutations

You are too large for most types of armour.
You have tough skin. (AC +1)


Message History

The adder poisons you!
You closely miss the adder.
The adder is almost dead.
* * * LOW HITPOINT WARNING * * *
You feel sick. The adder barely misses you. The adder closely misses you.
Casting: Flame Tongue (safe; 6% risk of failure)
Confirm with . or Enter, or press ? or * to list all spells.
You don't have enough magic to cast that spell.
You miss the adder.
The adder is almost dead.
* * * LOW HITPOINT WARNING * * *
You feel sick. The adder barely misses you.
Casting: Flame Tongue (safe; 6% risk of failure)
Confirm with . or Enter, or press ? or * to list all spells.
You don't have enough magic to cast that spell.
You barely miss the adder.
The adder is almost dead.
* * * LOW HITPOINT WARNING * * *
You feel sick. The adder bites you.
You die...

##..#
....##
..... .
#...# ..
#... ...
#..##.... #
#S.......
#.#@.###...
#..<.......
#.##.......
... #####..
##. . #. #


You could see an adder.

Vanquished Creatures
  2 giant cockroaches (D:1)
  A goblin (D:1)
  7 hobgoblins
  7 bats (D:1)
  2 frilled lizards (D:1)
  2 kobolds (D:1)
  5 rats
26 creatures vanquished.

Notes
Turn   | Place    | Note
-------+----------+-------------------------------------------
     0 | D:1      | inc the Ogre Fire Elementalist began the quest for the Orb.
     0 | D:1      | Reached XP level 1. HP: 16/16 MP: 3/3
    45 | D:1      | Reached skill level 1 in Conjurations
   272 | D:1      | Reached XP level 2. HP: 24/24 MP: 3/5
   658 | D:1      | Reached XP level 3. HP: 31/31 MP: 1/6
   799 | D:2      | Slain by an adder

Vault maps used:
D:1:      matt_arrival_diagonals, hangedman_decor_growths, minmay_misc_feat_x
D:2:      nicolae_overflow_crystal_walls, first_ration

Skill      XL: |  1  2 |
---------------+-------+-----
Conjurations   | 1 2 |  2.7
Dodging        | |  1.7
Stealth        | |  1.4
Spellcasting   | |  2.4
Fire Magic     | |  2.6

Action                   || total
-------------------------++-------
Melee: Short sword       ||    16
 Cast: Flame Tongue      ||    44
Armor: Robe              ||    11
Dodge: Dodged            ||    26

Table legend:
 A = Spawn XP
 B = Non-spawn XP
 C = Spawn XP percentage of total XP
 D = Spawn monster count
 E = Non-spawn monster count
 F = Spawn count percentage of total count
 G = Total turns spent on level
                    A         B        C        D         E        F      G
               +---------+---------+-------+---------+---------+-------+---------
         Total |       0 |      41 |   0.0 |       0 |      26 |   0.0 |   799
               +---------+---------+-------+---------+---------+-------+---------
           D:1 |       0 |      38 |   0.0 |       0 |      24 |   0.0 |   785
           D:2 |       0 |       3 |   0.0 |       0 |       2 |   0.0 |    14
               +---------+---------+-------+---------+---------+-------+---------
